 Dungeon Crawl Stone Soup version 0.26-a0-966-gd078a86f14 (webtiles) character file.

Game seed: 4510575720795479887

1362 Ijustatesigmund the Chopper (level 8, -1/88 HPs)
             Began as an Octopode Fighter on Dec 3, 2020.
             Slain by an iguana (3 damage)
             ... on level 5 of the Dungeon.
             The game lasted 00:12:09 (5272 turns).

Ijustatesigmund the Chopper (Octopode Fighter)      Turns: 5272, Time: 00:12:10

Health: -1/88      AC: 24    Str: 18    XL:     8   Next: 64%
Magic:  8/8        EV:  2    Int: 10    God:
Gold:   213        SH: 10    Dex: 13    Spells: 7/7 levels left

rFire    . . .     SeeInvis .   a - +3 war axe
rCold    . . .     Faith    .   b - +1 kite shield
rNeg     + + +     Spirit   .   (helmet currently unavailable)
rPois    +         Reflect  .   (no amulet)
rElec    .         Harm     .   i - ring of flight
rCorr    .         Rampage  .   (no ring)
MR       .....     NoTele   +   (no ring)
Stlth    +.........             (no ring)
HPRegen  0.24/turn              (no ring)
MPRegen  0.11/turn              (no ring)
                                (no ring)
                                (no ring)

@: lethally poisoned (-1 -> -14), tree-form
A: almost no armour, stealthy swim, (amphibious), 8 rings, (constrict 8), rugged
brown scales 1, strong 1
a: no special abilities


You were on level 5 of the Dungeon.
You were a tree.
You visited 1 branch of the dungeon, and saw 5 of its levels.
You also visited: Sewer.

You collected 213 gold pieces.

Inventory:

Hand Weapons
 a - a +3 war axe (weapon)
Armour
 b - a +1 kite shield (worn)
Jewellery
 i - a ring of flight (left branch)
Wands
 p - a wand of iceblast (7)
Scrolls
 g - 3 scrolls of fog
 j - 4 scrolls of remove curse
 n - 3 scrolls of teleportation
 q - a scroll of identify
Potions
 c - 5 potions of might
 d - 3 potions of magic
 e - a potion of attraction
 h - 3 potions of brilliance
 m - a potion of ambrosia


   Skills:
 + Level 6.4 Fighting
 + Level 7.1 Axes
 + Level 4.6 Dodging
 + Level 4.6 Shields


You had 7 spell levels left.
You didn't know any spells.
Your spell library was empty.

Dungeon Overview and Level Annotations

Branches:
Dungeon (5/15)              Sewer (visited)
 Temple: D:4-7

Altars:
Elyvilon
Fedhas
Okawaru
Xom
The Shining One

Annotations:
D:5 1 runed translucent door, fasse2k's ghost, amateur GnIE


Innate Abilities, Weirdness & Mutations

You cannot wear most types of armour.
You are very stealthy in the water. (Stealth+)
((You are amphibious.))
You can wear up to eight rings at the same time.
((You can use your tentacles to constrict eight enemies at once.))
((Your skin changes colour to match your surroundings (Stealth+).))
((Your rubbery body absorbs attacks. (AC +1, EV +1)))
((You are partially covered in iridescent scales. (AC +2)))
(You are partially covered in rugged brown scales. (AC +1, +3% HP))
Your muscles are strong. (Str +2)


Message History

The killer bee poisons you! You block the killer bee's attack.
The adder bites you but does no damage.
The killer bee stings you but does no damage.
The killer bee barely misses you.
You slash the killer bee!
You kill the killer bee!
You miss the killer bee. You slash the adder!
You kill the adder!
* * * LOW HITPOINT WARNING * * *
You feel sick. You block the killer bee's attack. x2
You hit the iguana but do no damage.
You hit the killer bee but do no damage.
You slash the jackal skeleton!
You destroy the jackal skeleton!
* * * LOW HITPOINT WARNING * * *
You feel sick. The killer bee stings you.
* * * LOW HITPOINT WARNING * * *
The killer bee stings you but does no damage.
The iguana bites you.
You die...

##..####.##..##..# #.(..##.##.##
..#....# ...##.##.##.# #.... ...
#..#.##.###. .... .##
##.......... ...
########.#...... ?.
...........### .#
........##s..###.###.#
.............#y♣.....#.........#
........#..#..†l..####......>..#
#######.[.†...s#..####..)......#
...##........................#
.....................(........
........!....................#
..............................#
...................)..........#
(....................?.....Z..#


You could see a scorpion, an iguana and a killer bee.

Vanquished Creatures
  An ogre (D:5)
  A centaur (D:5)
  Blork the orc (D:4)
  3 bullfrogs
  A water moccasin zombie (D:4)
  4 killer bees (D:5)
  A howler monkey (D:5)
  2 hounds
  A gnoll shaman (D:4)
  Jessica (D:3)
  Natasha (twice) (D:2)
  2 worker ants
  A hound zombie (D:5)
  Robin (D:3)
  3 gnolls (D:4)
  18 adders
  5 river rats (Sewer)
  5 oozes
  3 worms (D:2)
  A dart slug (D:1)
  2 leopard geckos (D:2)
  8 orcs
  6 giant cockroaches
  23 goblins
  10 hobgoblins
  16 jackals
  9 kobolds
  2 quokkas (D:2)
  13 ball pythons
  10 bats
  9 frilled lizards
  A jackal skeleton (D:5)
  33 rats
199 creatures vanquished.

Vanquished Creatures (others)
  A plant (D:3)
1 creature vanquished.

Grand Total: 200 creatures vanquished

Notes
Turn   | Place    | Note
-------+----------+-------------------------------------------
     0 | D:1      | Ijustatesigmund the Octopode Fighter began the quest for
                  | the Orb.
     0 | D:1      | Reached XP level 1. HP: 16/16 MP: 1/1
   135 | D:1      | Reached XP level 2. HP: 18/21 MP: 2/2
   143 | D:1      | Reached skill level 3 in Axes
   345 | D:1      | Reached XP level 3. HP: 11/26 MP: 3/3
   993 | D:1      | Reached skill level 4 in Axes
  1191 | D:2      | Reached XP level 4. HP: 30/31 MP: 4/4
  1320 | D:2      | Gained mutation: Your muscles are strong. (Str +2) [potion
                  | of mutation]
  1320 | D:2      | Gained mutation: You are partially covered in rugged brown
                  | scales. (AC +1, +3% HP) [potion of mutation]
  1320 | D:2      | Gained mutation: You are partially covered in iridescent
                  | scales. (AC +2) [potion of mutation]
  1684 | D:2      | Found an iron altar of Okawaru.
  1728 | D:2      | Noticed Natasha
  1737 | D:2      | Killed Natasha
  1738 | D:2      | Reached XP level 5. HP: 19/37 MP: 5/5
  1984 | D:2      | Noticed Natasha
  1995 | D:2      | Killed Natasha
  2268 | D:3      | Noticed Jessica
  2272 | D:3      | Killed Jessica
  2273 | D:3      | Reached skill level 5 in Axes
  2435 | D:3      | Found a glowing drain.
  2449 | Sewer    | Entered a sewer
  2469 | Sewer    | Reached XP level 6. HP: 44/44 MP: 6/6
  2755 | Sewer    | Reached skill level 5 in Fighting
  2761 | Sewer    | Reached skill level 6 in Axes
  2761 | Sewer    | Reached XP level 7. HP: 22/51 MP: 7/7
  3927 | D:3      | Noticed Robin
  4043 | D:3      | Killed Robin
  4702 | D:4      | Noticed Blork the orc
  4713 | D:4      | Killed Blork the orc
  4757 | D:4      | Found a blossoming altar of Fedhas.
  4757 | D:4      | Found a white marble altar of Elyvilon.
  4764 | D:4      | Found a glowing golden altar of the Shining One.
  4766 | D:4      | Found a faded altar of an unknown god.
  4768 | D:4      | Found a shimmering altar of Xom.
  4824 | D:4      | Reached XP level 8. HP: 52/58 MP: 8/8
  5040 | D:5      | Entered Level 5 of the Dungeon
  5040 | D:5      | Found a runed translucent door.
  5044 | D:5      | Noticed fasse2k's ghost (amateur GnIE)
  5251 | D:5      | Reached skill level 7 in Axes
  5272 | D:5      | HP: 4/88 [poisoned by a killer bee]
  5272 | D:5      | Slain by an iguana

Illustrated notes

Levels and vault maps discovered:
D:1:      ebering_trefoil_twist, layout_basic, minmay_quantized
D:2:      layout_loops_corners, marbit_many_paths, minmay_hedge_maze,
          minmay_domino_4, uniq_natasha
D:3:      kennysheep_goblin_castle, layout_basic, portal_sewer_entry_c,
          serial_forest, infiniplex_forest_end_2, infiniplex_forest_zigzag_1,
          infiniplex_forest_lined_room_3, infiniplex_forest_zigzag_1,
          infiniplex_forest_corner_2, infiniplex_forest_zigzag_1,
          infiniplex_forest_corner_1, uniq_jessica
D:4:      layout_loops_corners, chequers_temple_overflow_minitemple,
          uniq_blork_the_orc
D:5:      layout_rooms, serial_shops, kennysheep_mini_moat,
          ebering_ghost_sewer_d

Skill      XL: |  1  2  3  4  5  6  7  8 |
---------------+-------------------------+-----
Axes           | 3 4 5 6 7 |  7.1
Fighting       | 4 5 6 |  6.4
Dodging        | 4 |  4.6
Shields        | 4 |  4.6

Action                   |  1- 3 |  4- 6 |  7- 9 || total
-------------------------+-------+-------+-------++-------
Melee: War axe           |    72 |   127 |   114 ||   313
       Constrict         |    22 |    37 |    24 ||    83
       Tentacles         |    13 |    20 |    18 ||    51
Evoke: Wand              |       |       |     3 ||     3
  Use: Scroll            |       |     9 |    11 ||    20
       Potion            |       |     4 |     6 ||    10
 Stab: Sleeping          |     6 |     5 |    14 ||    25
Armor: Skin              |     6 |    39 |    45 ||    90
Dodge: Dodged            |    41 |    66 |    67 ||   174
Block: Kite shield       |    27 |    64 |    67 ||   158

Table legend: (Time is in decaauts)
 A = Elapsed time spent in this place.
 B = Non-inter-level travel time spent in this place.
 C = Inter-level travel time spent in this place.
 D = Time resting spent in this place.
 E = Time spent auto-exploring this place.
 F = Levels seen in this place.
 G = Mean time per level.
                   A        B        C        D        E       F      G
               +--------+--------+--------+--------+--------+-----+--------+
         Total |   5375 |   5261 |    114 |    866 |   3409 |   6 |  895.8 |
       Dungeon |   4747 |   4633 |    114 |    518 |   3300 |   5 |  949.4 |
         Sewer |    627 |    627 |      0 |    348 |    109 |   1 |  627.0 |
               +--------+--------+--------+--------+--------+-----+--------+

Top non-repeatable levels by time:
     D:3: 1277 daAuts
     D:2: 1227 daAuts
     D:1: 1074 daAuts
     D:4: 945 daAuts
   Sewer: 627 daAuts
     D:5: 223 daAuts
